 Dungeon Crawl Stone Soup version 0.21-a0-529-g8c7b3f5 (webtiles) character file.

12892 Amnesiac the Thrower (level 12, -14/136 HPs)
             Began as an Ogre Hunter on Dec 11, 2017.
             Was a High Priest of Okawaru.
             Hit by a large rock thrown by a cyclops (42 damage)
             ... on level 12 of the Dungeon.
             The game lasted 00:34:00 (14467 turns).

Amnesiac the Thrower (Ogre Hunter)                 Turns: 14467, Time: 00:34:01

Health: -14/136    AC:  7    Str: 22    XL:     12   Next: 0%
Magic:  14/18      EV: 15    Int: 14    God:    Okawaru [*****.]
Gold:   970        SH:  0    Dex: 15    Spells: 8/11 levels left

rFire    . . .     SeeInvis +   b - +2 hunting sling "Qaeser" {flame, +Fly rN+}
rCold    . . .     Gourm    .   (no shield)
rNeg     + . .     Faith    .   L - +1 robe
rPois    .         Spirit   .   (helmet restricted)
rElec    .         Reflect  .   n - +2 cloak
rCorr    .         Harm     .   (gloves unavailable)
MR       ++...                  (boots unavailable)
Stlth    +++.......             (no amulet)
HPRegen  0.32/turn              e - ring of see invisible
MPRegen  0.16/turn              B - ring of protection from magic

@: agile, finesse
A: large, unfitting armour, clever 1, sense surroundings 1, tough skin 1,
evolution 1
a: Heroism, Finesse, Renounce Religion, Evoke Flight


You were on level 12 of the Dungeon.
You worshipped Okawaru.
Okawaru was extremely pleased with you.
You were not hungry.

You visited 2 branches of the dungeon, and saw 13 of its levels.
You also visited: Ossuary.

You collected 970 gold pieces.

Inventory:

Hand Weapons
 a - a +5 blowgun
 b - the +2 hunting sling "Qaeser" (weapon) {flame, +Fly rN+}
   (You found it on level 8 of the Dungeon)

   It causes projectiles fired from it to burn those they strike, causing extra
   injury to most foes and up to half again as much damage against particularly
   susceptible opponents.
   It protects you from negative energy.
   It lets you fly.
 Q - a +0 dagger of venom
 U - a +3 dagger of electrocution
Missiles
 c - 4 needles of frenzy
 h - 121 stones
 j - 5 needles of sleeping
 p - 3 tomahawks of returning
 M - 26 poisoned needles
 N - 4 steel javelins
 P - a throwing net
 V - 2 poisoned javelins
 W - 7 exploding tomahawks
 X - 62 sling bullets (quivered)
 Y - 4 javelins
 Z - 3 large rocks
Armour
 n - a +2 cloak (worn)
 q - a scarf of cloud immunity
 L - a +1 robe (worn)
Jewellery
 e - a ring of see invisible (left hand)
 t - a +2 ring of intelligence
 y - an uncursed ring of fire
 A - an uncursed ring of ice
 B - a ring of protection from magic (right hand)
 D - an uncursed ring of resist corrosion
Wands
 s - a wand of polymorph (41)
 O - a wand of flame (30)
 S - a wand of random effects (35)
Scrolls
 d - 2 scrolls of enchant armour {!r}
 i - 8 scrolls of teleportation {!r}
 k - 3 scrolls of magic mapping {!r}
 l - 5 scrolls of remove curse {!r}
 w - 2 scrolls of blinking {!r}
 F - 5 scrolls of amnesia {!r}
 T - 2 scrolls of identify {!r}
Potions
 g - a potion of haste {!q}
 m - 3 potions of agility {!q}
 o - a potion of lignification {!q, unknown}
 r - 4 potions of mutation {!q}
 u - a potion of invisibility {!q}
 x - a potion of flight {!q}
 z - 4 potions of might {!q}
 C - a potion of brilliance {!q}
 E - a potion of berserk rage {!q}
 G - a potion of heal wounds {!q}
 H - 2 potions of ambrosia {!q}
 I - 2 potions of resistance {!q}
 J - 2 potions of curing {!q}
 R - a potion of degeneration {!q}
Comestibles
 f - 8 bread rations
 v - 8 meat rations
 K - a chunk of flesh


   Skills:
 + Level 13.0 Fighting
 * Level 14.1 Throwing
 - Level 1.7 Dodging
 - Level 1.0 Stealth
 - Level 8.0 Invocations


You had 8 spell levels left.
You knew the following spells:

 Your Spells              Type           Power        Failure   Level  Hunger
r - Regeneration          Chrm/Necr      #.........   65%         3    ####...


Dungeon Overview and Level Annotations

Branches:
Dungeon (12/15)            Temple (1/1) D:5            Lair (0/6) D:10
    Orc (0/2) D:11

Altars:
Ashenzari
Cheibriados
Dithmenos
Elyvilon
Fedhas
Gozag
Hepliaklqana
Kikubaaqudgha
Makhleb
Nemelex Xobeh
Okawaru
Qazlal
Ru
Sif Muna
Trog
Uskayaw
Vehumet
Wu Jian
Xom
Yredelemnul
Zin
The Shining One


Innate Abilities, Weirdness & Mutations

You are too large for most types of armour.
You have tough skin. (AC +1)
Your mind is acute. (Int +2)
You passively map a small area around you.
You evolve.


Message History

You destroy the vampire mosquito!
Okawaru accepts your kill.
Firing (i - inventory. (,) - cycle):
X - 69 sling bullets (quivered)
Press: ? - help, Shift-Dir - straight line, f - vampire mosquito
Aim: a vampire mosquito (moderately damaged)
You shoot a sling bullet.
The sling bullet hits the vampire mosquito but does no damage.
The vampire mosquito is moderately damaged.
Firing (i - inventory. (,) - cycle):
X - 68 sling bullets (quivered)
Press: ? - help, Shift-Dir - straight line, f/p - vampire mosquito
Aim: a vampire mosquito (moderately damaged)
You shoot a sling bullet.
The sling bullet hits the vampire mosquito.
The sling bullet burns the vampire mosquito.
The vampire mosquito is moderately damaged.
Firing (i - inventory. (,) - cycle):
X - 67 sling bullets (quivered)
Press: ? - help, Shift-Dir - straight line, f/p - vampire mosquito
Aim: a vampire mosquito (moderately damaged)
You shoot a sling bullet.
The sling bullet hits the vampire mosquito!
The sling bullet burns the vampire mosquito.
You destroy the vampire mosquito!
Okawaru accepts your kill.
Firing (i - inventory. (,) - cycle):
X - 66 sling bullets (quivered)
Press: ? - help, Shift-Dir - straight line, f - vampire mosquito
Aim: a vampire mosquito You shoot a sling bullet.
The sling bullet closely misses the vampire mosquito.
Firing (i - inventory. (,) - cycle):
X - 65 sling bullets (quivered)
Press: ? - help, Shift-Dir - straight line, f/p - vampire mosquito
Aim: a vampire mosquito You shoot a sling bullet.
The sling bullet hits the vampire mosquito!
The sling bullet burns the vampire mosquito.
The vampire mosquito is heavily damaged.
Firing (i - inventory. (,) - cycle):
X - 64 sling bullets (quivered)
Press: ? - help, Shift-Dir - straight line, f/p - vampire mosquito
Aim: a vampire mosquito (heavily damaged)
You shoot a sling bullet.
The sling bullet hits the vampire mosquito.
The sling bullet burns the vampire mosquito.
The vampire mosquito is severely damaged.
The vampire mosquito completely misses you.
Firing (i - inventory. (,) - cycle):
X - 63 sling bullets (quivered)
Press: ? - help, Shift-Dir - straight line, f/p - vampire mosquito
Aim: a vampire mosquito (severely damaged)
You shoot a sling bullet.
The sling bullet hits the vampire mosquito!
The sling bullet burns the vampire mosquito.
You destroy the vampire mosquito!
Okawaru accepts your kill.
Your base Fighting skill increases to level 13!
You have reached level 12!
Your experience leads to an increase in your attributes!
Your base attributes are Str 20, Int 12, Dex 10.
Increase (S)trength, (I)ntelligence, or (D)exterity?
You feel stronger. x2
Okay, then.
You start resting.
You feel like a meek peon again.
Things that are here:
a ring mail; an orc corpse The cyclops throws a large rock.
The large rock hits you!!!
You die...

* ####* **#.####### #..,
, # #......,..# #.#**
#.#.#..##.#.####.#### *
#.#.#..##.#.##..<...#
#......##...)..#.##.# *
*#.....####.####......).
#.....####[###########.
#........@.....# *,
########.....##.[.....#
....#...##.####.......#
.......##(# #........# ,
#...##(###).......# *
#.(..(...........#
#(.##.##.........#
##......C..########
#.)...C##.#######** *


You could see a cyclops.

Vanquished Creatures
  The ghost of Typee the Geomancer, a journeyman OpEE of Sif Muna (D:11)
  A two-headed ogre (D:8)
  Urug (D:10)
  A manticore (D:11)
  A cyclops (D:11)
  Joseph (D:9)
  2 centaur zombies (D:10)
  2 gargoyles
  Prince Ribbit (D:8)
  A hornet (D:8)
  A hippogriff (D:11)
  A meliai zombie (D:8)
  4 yaks
  A wyvern (D:11)
  2 wraiths (D:11)
  Menkaure (D:5)
  2 hungry ghosts
  4 vampire mosquitoes (D:12)
  2 water moccasins
  4 sky beasts
  3 ice beasts
  3 orc warriors
  A phantom (D:9)
  3 necrophages
  10 ogres
  2 centaurs
  3 big kobolds
  3 bullfrogs
  A wyvern zombie (D:9)
  2 elf skeletons (D:5)
  4 troll zombies (D:11)
  A water moccasin skeleton (D:8)
  3 scorpions
  7 killer bees
  A howler monkey (D:6)
  12 wights
  2 crimson imps
  3 bullfrog zombies (D:5)
  5 orc priests
  A human zombie (D:5)
  2 jellies
  A gnoll shaman (D:5)
  2 hounds
  3 iguanas
  Ijyb (D:5)
  2 human skeletons (D:5)
  13 orc wizards
  4 worker ants
  A big kobold zombie (Ossuary)
  4 ogre zombies (D:11)
  A hound zombie (D:10)
  A howler monkey zombie (D:10)
  9 mummies
  Robin (D:2)
  8 gnolls (D:5)
  17 adders
  A howler monkey skeleton (D:4)
  A shadow imp (D:6)
  An ooze (D:7)
  An adder zombie (D:8)
  A worm (D:4)
  2 dart slugs
  8 leopard geckos
  25 orcs
  2 ball pythons
  8 bats
  2 bat skeletons (D:6)
  3 bat zombies (D:6)
  7 giant cockroaches
  14 goblins
  14 hobgoblins
  6 jackals
  18 kobolds
  8 quokkas
  A frilled lizard (D:4)
  A gnoll zombie (Ossuary)
  3 goblin skeletons (D:11)
  6 goblin zombies (D:11)
  2 hobgoblin zombies (D:11)
  A jackal skeleton (D:5)
  2 kobold zombies (Ossuary)
  An orc skeleton (D:11)
  18 orc zombies
  A quokka skeleton (D:8)
  6 rats
338 creatures vanquished.

Notes
Turn   | Place    | Note
-------+----------+-------------------------------------------
     0 | D:1      | Amnesiac the Ogre Hunter began the quest for the Orb.
     0 | D:1      | Reached XP level 1. HP: 22/22 MP: 1/1
     6 | D:1      | Noticed an eight-headed hydra
     6 | D:1      | Noticed a hound
     7 | D:1      | Noticed an anaconda
   114 | D:1      | Reached XP level 2. HP: 12/31 MP: 2/2
   894 | D:2      | Reached XP level 3. HP: 37/37 MP: 3/3
  1004 | D:2      | Reached skill level 1 in Stealth
  1010 | D:2      | HP: 1/37 [adder (5)]
  1031 | D:2      | Reached skill level 5 in Throwing
  1031 | D:2      | Reached XP level 4. HP: 6/48 MP: 4/4
  1874 | D:3      | Found a shattered altar of Ashenzari.
  1915 | D:3      | Noticed Robin
  2075 | D:2      | Killed Robin
  2271 | D:3      | Found a bloodstained altar of Trog.
  2319 | D:3      | Reached XP level 5. HP: 48/54 MP: 5/5
  2378 | D:3      | Found a shadowy altar of Dithmenos.
  2937 | D:4      | Noticed an ogre
  2944 | D:4      | Killed an ogre
  2944 | D:4      | Reached skill level 6 in Throwing
  2944 | D:4      | Reached XP level 6. HP: 52/65 MP: 6/6
  2951 | D:4      | Reached skill level 5 in Fighting
  3233 | D:4      | Found a sparkling altar of Nemelex Xobeh.
  3406 | D:4      | Found a glowing golden altar of the Shining One.
  3621 | D:5      | Entered Level 5 of the Dungeon
  3708 | D:5      | Noticed a sky beast
  3751 | D:5      | Noticed Menkaure
  3757 | D:5      | Killed Menkaure
  3757 | D:5      | Reached skill level 7 in Throwing
  3757 | D:5      | Reached XP level 7. HP: 18/75 MP: 7/7
  3975 | D:5      | Found a sand-covered staircase.
  4011 | D:5      | Reached skill level 8 in Throwing
  4036 | Ossuary  | Entered an ossuary
  4077 | Ossuary  | Reached XP level 8. HP: 38/87 MP: 8/8
  4624 | D:5      | Noticed Ijyb
  4630 | D:5      | Killed Ijyb
  4967 | D:5      | Reached skill level 9 in Throwing
  4982 | D:5      | Found a staircase to the Ecumenical Temple.
  5230 | Temple   | Entered the Ecumenical Temple
  5654 | D:5      | Found a stormy altar of Qazlal.
  5911 | D:6      | Found a deep blue altar of Sif Muna.
  5938 | D:6      | Found an iron altar of Okawaru.
  5948 | D:6      | Became a worshipper of Warmaster Okawaru
  6344 | D:6      | Reached XP level 9. HP: 97/97 MP: 9/9
  6386 | D:6      | Reached * piety under Okawaru
  6386 | D:6      | Reached skill level 10 in Throwing
  6504 | D:6      | Found a blossoming altar of Fedhas.
  6534 | D:6      | Found an opulent altar of Gozag.
  6711 | D:6      | Found an ancient bone altar of Kikubaaqudgha.
  6792 | D:7      | Reached skill level 1 in Invocations
  7423 | D:7      | Reached skill level 5 in Invocations
  8158 | D:8      | Got a twisted hunting sling
  8268 | D:8      | Reached ** piety under Okawaru
  8326 | D:8      | Noticed Prince Ribbit
  8339 | D:8      | Killed Prince Ribbit
  8591 | D:8      | Noticed a hornet
  8597 | D:8      | Killed a hornet
  8597 | D:8      | Reached XP level 10. HP: 107/107 MP: 16/16
  8740 | D:8      | Gained mutation: You evolve. [mutagenic meat]
  9257 | D:8      | Noticed a two-headed ogre
  9329 | D:8      | Killed a two-headed ogre
  9329 | D:8      | Reached *** piety under Okawaru
  9329 | D:8      | Reached skill level 10 in Fighting
  9329 | D:8      | Reached skill level 11 in Throwing
  9415 | D:8      | Found a sacrificial altar of Ru.
  9650 | D:9      | Identified the +2 hunting sling "Qaeser" {flame, +Fly rN+} (You found it on level 8 of the Dungeon)
 10101 | D:9      | Got a shimmering scythe
 10151 | D:9      | Found a hazy altar of Hepliaklqana.
 10489 | D:9      | Reached **** piety under Okawaru
 11105 | D:10     | Entered Level 10 of the Dungeon
 11105 | D:10     | Found a staircase to the Lair.
 11177 | D:10     | Reached skill level 12 in Throwing
 11326 | D:10     | Noticed Urug
 11350 | D:10     | Killed Urug
 11350 | D:10     | Received a gift from Okawaru
 11350 | D:10     | Reached XP level 11. HP: 62/120 MP: 17/17
 11405 | D:10     | Gained mutation: You passively map a small area around you. [evolution]
 11500 | D:10     | Noticed Joseph
 11762 | D:9      | Killed Joseph
 11762 | D:9      | Received a gift from Okawaru
 12243 | D:10     | Learned a level 3 spell: Regeneration
 12362 | D:10     | Reached ***** piety under Okawaru
 12398 | D:10     | Received a gift from Okawaru
 12398 | D:10     | Reached skill level 13 in Throwing
 12496 | D:10     | Found a deep blue altar of Sif Muna.
 13001 | D:11     | Found a staircase to the Orcish Mines.
 13015 | D:11     | Received a gift from Okawaru
 13109 | D:11     | Noticed Typee's ghost (journeyman OpEE)
 13168 | D:11     | Killed Typee's ghost
 13168 | D:11     | Received a gift from Okawaru
 13341 | D:11     | Noticed a manticore
 13343 | D:11     | Killed a manticore
 13414 | D:11     | Received a gift from Okawaru
 13695 | D:11     | Noticed a cyclops
 13714 | D:11     | Killed a cyclops
 14148 | D:11     | Gained mutation: Your mind is acute. (Int +2) [evolution]
 14386 | D:12     | Received a gift from Okawaru
 14386 | D:12     | Reached skill level 14 in Throwing
 14399 | D:12     | Noticed a cyclops
 14436 | D:12     | HP: 3/126 [vampire mosquito (9)]
 14449 | D:12     | Reached XP level 12. HP: 22/136 MP: 11/18
 14467 | D:12     | Hit by a large rock thrown by a cyclops

Vault maps used:
D:1:      onia_arrival_zoo_common, hangedman_decor_points, minivault_25,
          minmay_misc_feat_five
D:3:      cheibrodos_ashenzari_chains, nicolae_overflow_crystal_walls,
          bloody_trog, first_bread, uniq_robin
D:4:      nemelex_xobeh_ov_fountains_minmay, tso_oasis_becter,
          serial_bayou_pond_b, kennysheep_generic_room_7
D:5:      nicolae_qazlal_eye_of_the_storm,
          minmay_temple_entry_statues_fountains,
          nicolae_ossuary_entry_catacombs, nicolae_sextant, uniq_ijyb,
          uniq_menkaure
D:6:      kennysheep_vampire_church, okawaru_trees_1,
          nicolae_overflow_hidden_temple, grunt_gozag_breadcrumbs,
          lemuel_blue_sif_altar
D:7:      minmay_blocky_corners, grunt_ogre_cave,
          hangedman_abyss_or_decor_passed, hangedman_decor_clover_reticule
D:8:      nicolae_ru_great_annihilating_truth, uniq_prince_ribbit1
D:9:      kennysheep_little_box, minivault_24
D:10:     kennysheep_orc_sif_temple, lair_entry_dummy, serial_undead,
          serial_undead_f, serial_undead_c, serial_undead_f, serial_undead_f,
          uniq_joseph, uniq_urug
D:11:     zombieorc2_lemuel
D:12:     serial_shops, shop_fountains
Temple:   compressed_dpeg_triangle_lava_temple
Ossuary:  ossuary_tomb_3

Skill      XL: |  1  2  3  4  5  6  7  8  9 10 11 |
---------------+----------------------------------+-----
Fighting       | 3 4 6 7 8 9 11 13 | 13.0
Stealth        | 1 |  1.0
Throwing       | 5 6 7 8 9 10 12 14 | 14.1
Invocations    | 8 |  8.0
Dodging        | |  1.7

Action                   |  1- 3 |  4- 6 |  7- 9 | 10-12 || total
-------------------------+-------+-------+-------+-------++-------
Melee: Short sword       |    98 |   109 |       |       ||   207
       Dagger            |       |    62 |     7 |    35 ||   104
       Quarterstaff      |       |       |    57 |       ||    57
 Fire: Blowgun           |       |       |    79 |    18 ||    97
       Hunting sling     |       |       |       |   591 ||   591
Throw: Stone             |    37 |   167 |   192 |    90 ||   486
       Large rock        |     7 |    10 |    66 |     9 ||    92
       Throwing net      |     2 |       |       |     1 ||     3
       Tomahawk          |       |       |       |     1 ||     1
Invok: Heroism           |       |       |       |     2 ||     2
       Finesse           |       |       |       |     1 ||     1
Evoke: Wand              |       |       |       |     2 ||     2
  Use: Potion            |     1 |       |     1 |     3 ||     5
       Scroll            |       |     3 |    15 |     8 ||    26
 Stab: Held in net/web   |     1 |       |       |       ||     1
       Sleeping          |       |     1 |       |       ||     1
       Paralysed         |       |       |       |     5 ||     5
  Eat: Chunk             |     1 |     8 |    12 |    22 ||    43
       Fruit             |       |       |     3 |       ||     3
Armor: Robe              |    37 |    52 |    60 |    66 ||   215
Dodge: Dodged            |    68 |    93 |   110 |   103 ||   374

Table legend:
 A = Spawn XP
 B = Non-spawn XP
 C = Spawn XP percentage of total XP
 D = Spawn monster count
 E = Non-spawn monster count
 F = Spawn count percentage of total count
 G = Total turns spent on level
                    A         B        C        D         E        F      G
               +---------+---------+-------+---------+---------+-------+---------
         Total |       0 |   18418 |   0.0 |       0 |     338 |   0.0 | 14467
               +---------+---------+-------+---------+---------+-------+---------
           D:1 |       0 |      32 |   0.0 |       0 |      18 |   0.0 |   879
           D:2 |       0 |     106 |   0.0 |       0 |      25 |   0.0 |  1183
           D:3 |       0 |      67 |   0.0 |       0 |      23 |   0.0 |   856
           D:4 |       0 |     269 |   0.0 |       0 |      14 |   0.0 |   703
           D:5 |       0 |    1115 |   0.0 |       0 |      28 |   0.0 |  1615
           D:6 |       0 |     732 |   0.0 |       0 |      18 |   0.0 |   933
           D:7 |       0 |    1222 |   0.0 |       0 |      21 |   0.0 |  1347
           D:8 |       0 |    2997 |   0.0 |       0 |      26 |   0.0 |  1658
           D:9 |       0 |    1940 |   0.0 |       0 |      32 |   0.0 |  1714
          D:10 |       0 |    3844 |   0.0 |       0 |      40 |   0.0 |   999
          D:11 |       0 |    4494 |   0.0 |       0 |      65 |   0.0 |  1608
          D:12 |       0 |    1427 |   0.0 |       0 |      12 |   0.0 |   247
       Ossuary |       0 |     173 |   0.0 |       0 |      16 |   0.0 |   544
               +---------+---------+-------+---------+---------+-------+---------
